Cogmind - Beta 15 @@@ ROGUE MODE // 2025.05.29 @ 22:46:05 Player: amhumam Result: Destroyed by S-27 Virus with Autogun Performance ------------- Evolutions (4) 2000 Regions Visited (6) 1200 Robots Destroyed (60) 300 Value Destroyed (2302) 2302 Prototype IDs (17) 340 Alien Tech Used (0) 0 Bonus (3489) 3489 TOTAL SCORE: 9631 Bonus ------- Follower Combat Kills 689 Delivered SUBCON Basin 2000 Registered with UFD 300 Met Optimus in HQ 500 Cogmind --------- Core Integrity 0/850 Matter 245/300 Energy 290/290 System Corruption 1% Temperature Cool (26) Movement Walking (110) Location -6/Extension Parts ------- > --- POWER (1) -------- Improved Deuterium Engine > --- PROPULSION (6) --- Carbon-fiber Leg VSS Leg Flexi-carbon Leg > --- UTILITY (6) ------ Scrap Suit Advanced Heat Sink Large Storage Unit > --- WEAPON (2) ------- Overtuned Pulse Rifle Heavy Flak Cannon > --- INVENTORY (15) --- Improved Deuterium Engine Neutrino Core Improved Heat Sink Medium Storage Unit Remote Shield Machine Rigger Heavy Particle Cannon Flak Gun Scatter Rocket Array Remote Datajack Great Maul DRS Beacon (Ready) Peak State ------------ > --- POWER ------------ Light Fission Core > --- PROPULSION ------- Gravmag System Gravmag System Gravmag System Gravmag System Combat Airjet Cesium-ion Thruster > --- UTILITY ---------- Large Storage Unit Improved Sensor Array Experimental Signal Interpreter Improved System Shield Improved System Shield Tech Extrapolator > --- WEAPON ----------- Pulse Rifle Power Sword > --- INVENTORY -------- Fission Core Gravmag System Cesium-ion Thruster Cesium-ion Thruster Cesium-ion Thruster Cesium-ion Thruster Medium Storage Unit Improved Sensor Array Improved System Shield Machine Rigger Shock Rifle Heavy Particle Cannon Scatter Rocket Array Remote Datajack DRS Beacon [Rating: 71] Favorites ----------- Power Subdweller Power Source Engine Subdweller Power Source Power Core Light Fission Core Reactor Cold Fusion Reactor Propulsion Subdweller Monowheel Treads Light Treads Leg Carbon-fiber Leg Wheel Subdweller Monowheel Hover Unit Gravmag System Flight Unit Cesium-ion Thruster Utility Makeshift Light Armor Plating Device Improved Sensor Array Storage Medium Storage Unit Processor Tech Extrapolator Hackware Improved System Shield Protection Makeshift Light Armor Plating Weapon Subdweller Beam Cannon Energy Gun Particle Gun Energy Cannon Subdweller Beam Cannon Ballistic Gun Light Assault Rifle Ballistic Cannon Heavy Flak Cannon Launcher Subdweller Shrapnel Launcher Special Weapon Remote Datajack Impact Weapon Great Maul Slashing Weapon Power Sword Build | -11 -10 -10 -8 -8 -6 -6 ------- Run | Yrd Mat Sub Rec Scr Fac Ext Slots Evolved 8 | . . . . . 8 . Power . | . . . . . . . Propulsion 4 | . . . . . 4 . Utility 4 | . . . . . 4 . Weapon . | . . . . . . . Parts Attached 113 | 6 5 26 1 4 55 16 Power 14 | 1 1 4 1 . 5 2 Engine 11 | 1 1 4 1 . 2 2 Core 2 | . . . . . 2 . Reactor 1 | . . . . . 1 . Propulsion 45 | 2 1 9 . 1 25 7 Treads 5 | 2 1 . . . . 2 Leg 13 | . . . . . 8 5 Wheel 12 | . . 9 . 1 2 . Hover 9 | . . . . . 9 . Flight 6 | . . . . . 6 . Utility 27 | 1 2 4 . 3 14 3 Device 11 | . . 1 . 1 8 1 Storage 5 | 1 1 1 . 1 1 . Processor 2 | . . . . 1 1 . Hackware 4 | . . . . . 4 . Protection 5 | . 1 2 . . . 2 Artifact . | . . . . . . . Weapon 27 | 2 1 9 . . 11 4 Energy Gun 7 | . . 2 . . 3 2 Energy Cannon 8 | . . 4 . . 4 . Ballistic Gun 4 | 2 1 1 . . . . Ballistic Cannon 2 | . . . . . 2 . Launcher 3 | . . 2 . . . 1 Special Weapon 1 | . . . . . . 1 Impact Weapon 1 | . . . . . 1 . Slashing Weapon 1 | . . . . . 1 . Piercing Weapon . | . . . . . . . Special Melee Weapon . | . . . . . . . Unidentified Prototypes 2 | . . . . . 1 1 Parts Lost 50 | . 3 7 . . 24 16 Power 7 | . 1 1 . . 3 2 Propulsion 23 | . 1 2 . . 13 7 Utility 7 | . . 1 . . 3 3 Weapon 13 | . 1 3 . . 5 4 Highest Loss Streak 19 | . 2 3 . . 19 8 To Critical Strikes 1 | . . . . . . 1 Average Backups 10 | 1 4 8 4 14 12 12 Power . | . . . . . . . Propulsion . | . . . . . . . Utility 4 | . 3 3 2 6 4 4 Weapon 4 | . . 4 2 6 5 6 Tool/Special . | . . . . . . . Unused Backups 29 | . . 9 . 4 11 5 Power 2 | . . . . . . 2 Propulsion 3 | . . . . 1 2 . Utility 12 | . . 5 . 1 4 2 Weapon 11 | . . 4 . 2 4 1 Tool/Special 1 | . . . . . 1 . Average Slot Usage (%) 95 | . 97 99 100 98 85 90 Engine 10 | . 13 13 14 14 1 5 Treads 3 | . 26 3 . . . 4 Leg 3 | . . . . . 10 27 Wheel 17 | . . 24 28 28 2 . Hover 2 | . . . . . 13 . Flight 1 | . . . . . 5 . Device 4 | . . 4 . . 7 12 Storage 12 | . 19 14 14 14 6 6 Processor 3 | . . . . 7 9 4 Hackware 3 | . . . . . 12 11 Protection 6 | . 7 9 14 4 . 1 Energy Gun 1 | . . 3 . . 1 4 Energy Cannon 13 | . . 12 28 28 4 3 Ballistic Gun 3 | . 28 4 . . . . Launcher 3 | . . 7 . . . . Peak Build Rating 71 | 6 9 33 33 21 71 62 Average Rating 28 | 4 7 18 32 19 56 54 On Entrance 20 | . 6 9 32 16 21 57 Naked Turns . | . . . . . . . Heaviest Build 69 | 13 25 65 69 69 57 52 Greatest Support 92 | 40 40 40 30 30 90 92 Greatest Overweight (x) 11 | 2 1 11 2 6 3 1 Average Overweight (x) 1 | . . 1 2 3 . . Largest Inventory Capacity 20 | 8 10 20 20 20 15 15 Average Capacity 14 | 6 9 12 20 18 14 15 Most Carried 20 | 2 7 20 20 19 15 15 Average Carried 13 | 1 4 11 19 16 13 14 Final Capacity 20 | 8 10 20 20 15 15 15 Final Carried 20 | 2 7 20 6 15 15 12 Class Distribution -------------------- 78% | Mutant 11% | Hacker-Mutant 8% | Scavenger-Mutant Dominant Class ---------------- Mutant | -10/Materials Mutant | -10/Subcaves Mutant | -8/Recycling Mutant | -8/Scraptown Hacker-Mutant | -6/Factory Scavenger-Mutant | -6/Extension Resources | -11 -10 -10 -8 -8 -6 -6 ----------- Run | Yrd Mat Sub Rec Scr Fac Ext Matter Collected 2374 | 236 276 782 10 60 596 414 Remotely . | . . . . . . . Salvage Created 2241 | . 440 636 . . 793 372 Parts 110 | . 20 44 . . 36 10 Haulers Intercepted 1 | . 1 . . . . . Recyclers Shooed 4 | . . . . . 4 . Parts Field Recycled . | . . . . . . . Retrieved Matter . | . . . . . . . Parts Self-Destructed 7 | . . 7 . . . . Prevented . | . . . . . . . Kills | -11 -10 -10 -8 -8 -6 -6 ------- Run | Yrd Mat Sub Rec Scr Fac Ext Combat Hostiles Destroyed 55 | . 10 20 . . 17 8 Melee 6 | . . . . . 6 . Guns 15 | . 10 4 . . . 1 Cannons 17 | . . 7 . . 10 . AOE 16 | . . 9 . . . 7 Classes Destroyed 11 | . 4 3 . . 1 3 Builder 2 | . . . . . . 2 Hauler 1 | . 1 . . . . . Recycler 1 | . . . . . . 1 Operator 1 | . 1 . . . . . Swarmer 12 | . 3 5 . . 4 . Grunt 20 | . 7 1 . . 7 5 Sentry 3 | . . 1 . . 2 . Hunter 2 | . . . . . . 2 Programmer 4 | . . . . . 4 . Cobbler 1 | . . 1 . . . . Subdweller 13 | . . 13 . . . . Guerrilla 1 | . . . . . . 1 Best Kill Streak 5 | . 4 4 . . 4 5 Combat Bots Only 4 | . 3 4 . . 4 4 Max Kills in Single Turn 4 | . 1 3 . . 1 4 Gunslinging . | . . . . . . . Exploded 3 | . . 3 . . . 3 Melee 1 | . . . . . 1 . Uniques/NPCs Destroyed . | . . . . . . . Combat | -11 -10 -10 -8 -8 -6 -6 -------- Run | Yrd Mat Sub Rec Scr Fac Ext Hostile Shots Fired 656 | . 72 99 . . 327 158 Missed 205 | . 17 34 . . 94 60 Hits 451 | . 55 65 . . 233 98 Projectile 451 | . 55 65 . . 233 98 Critical Strikes 11 | . 1 1 . . 6 3 Damage Taken 6056 | . 676 1079 . . 3026 1275 Core 1046 | . 62 128 . . 673 183 Absorbed by Shields 238 | . . . . . 72 166 Regen/Repaired (Parts) 10 | . . . . . . 10 Core Remaining (%) 62 | 100 . . . 24 . . Volleys Fired 202 | . 42 80 . . 48 32 Largest 2 | . 2 2 . . 2 2 Hottest 161 | . 40 160 . . 155 161 Shots Fired 336 | . 84 134 . . 73 45 Gun 153 | . 84 44 . . 5 20 Cannon 150 | . . 75 . . 68 7 Launcher 18 | . . 15 . . . 3 Special 15 | . . . . . . 15 Kinetic 141 | . 84 46 . . 9 2 Thermal 174 | . . 88 . . 61 25 Explosive 3 | . . . . . . 3 Electromagnetic 3 | . . . . . 3 . Robot Hit Streak 18 | . 11 18 . . 9 17 Robot Miss Streak 10 | . 2 4 . . 5 10 Penetration Max . | . . . . . . . Secondary Targets 4 | . 3 . . . . 1 Max Gunslinging Chain 1 | . 1 . . . . 1 Shots Hit Robots 210 | . 53 60 . . 58 39 Core Hits 153 | . 24 33 . . 31 65 Critical Kills 1 | . . . . . 1 . Critical Parts Destroyed . | . . . . . . . Critical Strikes 4 | . . . . . 4 . Meltdown 1 | . . . . . 1 . Blast 2 | . . . . . 2 . Sever 1 | . . . . . 1 . Melee Attacks 30 | . . . . . 28 2 Impact 8 | . . . . . 6 2 Slashing 22 | . . . . . 22 . Piercing . | . . . . . . . Sneak Attacks . | . . . . . . . Combat Hostiles . | . . . . . . . Follow-up Attacks . | . . . . . . . Damage Inflicted 6127 | . 574 1795 . . 1723 2035 Guns 1410 | . 574 372 . . 32 432 Cannons 2049 | . . 583 . . 1319 147 Explosions 2221 | . . 840 . . . 1381 Melee 413 | . . . . . 351 62 Ramming 34 | . . . . . 21 13 Kinetic 1902 | . 574 1055 . . 251 22 Thermal 2397 | . . 740 . . 1100 557 Explosive 1381 | . . . . . . 1381 Electromagnetic . | . . . . . . . Impact 62 | . . . . . . 62 Slashing 351 | . . . . . 351 . Piercing . | . . . . . . . Highest Corruption 1 | . . . . . 1 1 Average Corruption 1 | . . . . . 1 1 Corruption Purged 1 | . . . . . 1 . Corruption Blocked . | . . . . . . . Effects 14 | . . . . . 10 4 Message Errors 2 | . . . . . 2 . Matter Fused 6 | . . . . . 4 2 Energy Discharges 5 | . . . . . 4 1 Parts Fused 1 | . . . . . . 1 Overload Shots . | . . . . . . . Overflow Damage 88 | . . 30 . . 16 42 Projectiles 3 | . . . . . 3 . Explosions 30 | . . 30 . . . . Melee 55 | . . . . . 13 42 Knockbacks 2 | . . . . . 1 1 Impact . | . . . . . . . Kinetic 2 | . . . . . 1 1 Secondary . | . . . . . . . Self-Inflicted Damage 113 | . . 64 . . . 49 Shots 5 | . . 3 . . . 2 Rammed . | . . . . . . . Targets Rammed 3 | . . . . . 1 2 Kicked 3 | . . . . . 1 2 Crushed . | . . . . . . . Highest Temperature 466 | . 27 344 . . 423 466 Average Temperature 100 | . 9 78 . . 140 185 Received Heat Transfer 1772 | . 324 180 . . 917 351 Effects 4 | . . . . . . 4 Shutdowns 2 | . . . . . . 2 Energy Bleed 1 | . . . . . . 1 Short Circuit 1 | . . . . . . 1 Siege Activations . | . . . . . . . Martial Activations . | . . . . . . . Shielding Activations . | . . . . . . . Robots Disrupted . | . . . . . . . Combat Hostiles . | . . . . . . . Robots Corrupted 1 | . . . . . . 1 Combat Hostiles . | . . . . . . . Parts Fried 1 | . . . . . . 1 Impact Corruptions 2 | . . . . . . 2 Robots Melted 1 | . . . . . 1 . Combat Hostiles 1 | . . . . . 1 . Parts Melted 2 | . . 2 . . . . Heat Transferred 3857 | . . 1147 . . 1628 1082 Parts Sabotaged . | . . . . . . . Parts Stolen . | . . . . . . . Parts Stripped . | . . . . . . . Power Chain Reactions . | . . . . . . . Alert | -11 -10 -10 -8 -8 -6 -6 ------- Run | Yrd Mat Sub Rec Scr Fac Ext Maximum Alert Level 1 | . . . . . 1 1 Low Security (%) 94 | 100 100 . 100 . 93 82 Level 1 5 | . . . . . 6 17 Level 2 . | . . . . . . . Level 3 . | . . . . . . . Level 4 . | . . . . . . . Level 5 . | . . . . . . . High Security . | . . . . . . . Max Security . | . . . . . . . Peak Influence 251 | . 137 . 137 . 251 232 Initial 54 | . . . 7 . . 54 Average 65 | . 69 . 59 . 59 103 Influence Increases 2421 | . 345 275 216 . 1001 584 Destroy 0b10 Robot/C 1220 | . 200 140 . . 540 340 Destroy 0b10 Robot/NC 35 | . 10 . . . 5 20 Destroy Leader 226 | . 52 . . . 132 42 Allied During Kill 128 | . . . . . 54 74 Successful Hack 132 | . 23 . 6 . 76 27 Select Force Hacks 210 | . . . 210 . . . Disable Machine 30 | . . . . . 30 . Destroy Structure 95 | . . . . . 14 81 Partial Spotted 90 | . 30 . . . 60 . Lose Combat Pursuer 255 | . 30 135 . . 90 . Influence Decreases 2419 | . 312 293 231 . 889 694 Entered New Map 83 | . . 17 8 . . 58 Time Decay 1284 | . 282 256 223 . 315 208 Lost Part 394 | . 30 20 . . 224 120 Lost Ally 280 | . . . . . 200 80 Purge Threat 378 | . . . . . 150 228 Squads Dispatched 22 | . 2 . . . 17 3 Investigation 10 | . 1 . . . 8 1 Extermination 5 | . . . . . 5 . Reinforcement 4 | . 1 . . . 1 2 Assault . | . . . . . . . Garrison 3 | . . . . . 3 . Intercept . | . . . . . . . Searches Triggered . | . . . . . . . Construction Impeded 1 | . . . . . . 1 Haulers Reinforced . | . . . . . . . Active Scanning Responses . | . . . . . . . Cargo Convoy Interrupts . | . . . . . . . Stealth | -11 -10 -10 -8 -8 -6 -6 --------- Run | Yrd Mat Sub Rec Scr Fac Ext Distress Signals 8 | . 3 . . . 3 2 Communications Jammed . | . . . . . . . Distress Signals . | . . . . . . . Times Spotted 117 | . 23 30 . . 39 25 Peak Tracking Total 8 | . 5 3 . . 8 6 Tactical Retreats 7 | . 1 3 . . 3 . Traps | -11 -10 -10 -8 -8 -6 -6 ------- Run | Yrd Mat Sub Rec Scr Fac Ext Traps Triggered 5 | . . 2 . . 3 . Indirectly . | . . . . . . . Trap Hack Attempts . | . . . . . . . Triggered . | . . . . . . . Disarmed . | . . . . . . . Reprogrammed . | . . . . . . . Reused . | . . . . . . . Traps Extracted . | . . . . . . . Installed . | . . . . . . . Triggered . | . . . . . . . Machines | -11 -10 -10 -8 -8 -6 -6 ---------- Run | Yrd Mat Sub Rec Scr Fac Ext Machines Disabled 5 | . . 3 . . 2 . Max in Single Turn 3 | . . 3 . . 1 . Machines Repaired . | . . . . . . . Machines Dismantled . | . . . . . . . Machines Sabotaged . | . . . . . . . Overloaded Fab Kills . | . . . . . . . Hacking | -11 -10 -10 -8 -8 -6 -6 --------- Run | Yrd Mat Sub Rec Scr Fac Ext Machines Accessed 52 | . 5 2 15 2 19 9 Terminals 30 | . 5 . 6 . 11 8 Fabricators 2 | . . . . . 2 . Repair Stations 1 | . . . . . 1 . Recycling Units 13 | . . . 7 . 5 1 Scanalyzers . | . . . . . . . Garrison Access . | . . . . . . . Total Hacks 115 | . 14 3 21 4 49 24 Successful 62 | . 5 3 17 4 22 11 Failed 53 | . 9 . 4 . 27 13 Catastrophic 17 | . 1 . 1 . 11 4 Database Lockouts . | . . . . . . . Manual 80 | . 14 . 16 . 33 17 Terminals 78 | . 14 . 10 . 31 23 Fabricators 7 | . . . . . 7 . Repair Stations 1 | . . . . . 1 . Recycling Units 18 | . . . 7 . 10 1 Scanalyzers . | . . . . . . . Garrison Access . | . . . . . . . Terminal Hacks 30 | . 2 3 7 4 6 8 Record 8 | . . 1 4 3 . . Part Schematic 2 | . . . 1 . . 1 Robot Analysis 2 | . 1 . . . 1 . Prototype ID Bank 1 | . . . 1 . . . Open Door 6 | . . 1 . . 1 4 Branch Access Points 1 | . . . . . 1 . Terminal Index 2 | . 1 . . . 1 . Alert Level 1 | . . . . . 1 . Unreport Threat 4 | . . . . . 1 3 Zone Layout 1 | . . . 1 . . . Proto ID Catalog 1 | . . . . 1 . . Release Object 1 | . . 1 . . . . Fabricator Hacks 5 | . . . . . 5 . Network Status 1 | . . . . . 1 . Load Schematic 2 | . . . . . 2 . Build 2 | . . . . . 2 . Repair Station Hacks 1 | . . . . . 1 . Refit 1 | . . . . . 1 . Recycling Unit Hacks . | . . . . . . . Scanalyzer . | . . . . . . . Garrison Access Hacks . | . . . . . . . Unauthorized Hacks 26 | . 3 . 10 . 10 3 Terminals 13 | . 3 . 3 . 5 2 Botnet 12 | . 2 . 3 . 5 2 Sabotage 1 | . 1 . . . . . Fabricators . | . . . . . . . Repair Stations . | . . . . . . . Recycling Units 13 | . . . 7 . 5 1 Tunnel 7 | . . . 7 . . . Fedlink 4 | . . . . . 3 1 Scrapoids 2 | . . . . . 2 . Scanalyzers . | . . . . . . . Garrison Access . | . . . . . . . Data Cores Recovered 1 | . 1 . . . . . Used 1 | . 1 . . . . . Hacking Detections 27 | . 5 . 5 . 13 4 Full Trace Events 3 | . . . . . 3 . Feedback Events . | . . . . . . . Feedback Blocked . | . . . . . . . Robot Schematics Acquired . | . . . . . . . Robots Built . | . . . . . . . Authchips . | . . . . . . . Time . | . . . . . . . Total Robot Build Rating . | . . . . . . . Part Schematics Acquired 16 | . . . 1 2 12 1 Parts Built 3 | . . . . . 3 . Authchips . | . . . . . . . Time 249 | . . . . . 249 . Total Part Build Rating 11 | . . . . . 11 . Parts Repaired . | . . . . . . . Time . | . . . . . . . Parts Recycled . | . . . . . . . Recycled Matter . | . . . . . . . Retrieved Matter . | . . . . . . . Retrieved Components . | . . . . . . . Parts Scanalyzed . | . . . . . . . Part Schematics Acquired . | . . . . . . . Parts Damaged . | . . . . . . . Bothacking | -11 -10 -10 -8 -8 -6 -6 ------------ Run | Yrd Mat Sub Rec Scr Fac Ext Used RIF Installer . | . . . . . . . Robots Hacked . | . . . . . . . Non-combat . | . . . . . . . Combat . | . . . . . . . Robot Hacks Applied . | . . . . . . . Relay Couplers Released . | . . . . . . . Fabnet Peak Effective % . | . . . . . . . Robots Rewired 6 | . . . . . . 6 Allies Hacked . | . . . . . . . Hacks Repelled 1 | . . . . . . 1 Allies | -11 -10 -10 -8 -8 -6 -6 -------- Run | Yrd Mat Sub Rec Scr Fac Ext Total Allies 20 | . . . . . 10 10 Largest Group 5 | . . . . . 5 5 Highest-Rated Group 265 | . . . . . 143 265 Highest-Rated Ally 159 | . . . . . 31 159 Total Orders 3 | . . . . . 2 1 ROAM 1 | . . . . . . 1 EXPLORE 2 | . . . . . 2 . Ally Attacks 144 | . . . . . 64 80 Total Damage 2567 | . . . . . 1207 1360 Kills 22 | . . . . . 11 11 Allies Corrupted . | . . . . . . . Allies Melted 2 | . . . . . . 2 Intel | -11 -10 -10 -8 -8 -6 -6 ------- Run | Yrd Mat Sub Rec Scr Fac Ext Active Infowar (turns) 3633 | . . 1452 . 106 1835 240 Sensors 3366 | . . 1452 . . 1674 240 IFF 267 | . . . . 106 161 . Robot Analysis Total 2 | . 1 . . . 1 . Derelict Logs Recovered 5 | . . 2 . 3 . . Drone Launches 2 | . . . . . 2 . Drone Recoveries . | . . . . . . . Exploration | -11 -10 -10 -8 -8 -6 -6 ------------- Run | Yrd Mat Sub Rec Scr Fac Ext Turns Passed 11145 | 72 657 4522 566 2503 2334 491 Spaces Moved 7517 | 42 312 3051 427 1168 2251 266 Core 120 | 14 . 87 . . 19 . Treads 559 | 28 312 219 . . . . Legs 766 | . . . . . 500 266 Wheels 4563 | . . 2745 427 1168 223 . Hover 1509 | . . . . . 1509 . Flight . | . . . . . . . Fastest Speed 43 | 50 160 100 119 105 43 112 Average Speed 118 | 147 161 138 119 133 76 122 Slowest Speed 600 | 160 240 600 119 170 200 190 Overloaded Moves . | . . . . . . . Propulsion Burnouts . | . . . . . . . Robots Hopped . | . . . . . . . Potential Cave-ins 2 | . . 2 . . . . Cave-ins Triggered . | . . . . . . . Exploration Rate (%) 61 | 3 62 96 91 83 49 46 Regions Visited 6 Branch Regions 4 Pre-discovered Areas 10 | . . 1 7 1 1 . Known Exits Taken 1 | . . . . . 1 . Unknown Exits Taken 5 | 1 1 1 1 1 . . Scrap Searched 22 | . . 17 . 5 . . Spaces Dug 19 | . . 6 . . 12 1 Terrain Destroyed 272 | . . 169 . . 13 90 Melee 13 | . . . . . 12 1 Projectile 14 | . . 13 . . 1 . AOE 245 | . . 156 . . . 89 Terrain Rammed . | . . . . . . . Walls Destroyed . | . . . . . . . Machines Disabled . | . . . . . . . Actions | -11 -10 -10 -8 -8 -6 -6 --------- Run | Yrd Mat Sub Rec Scr Fac Ext Total 9390 | 49 388 3220 485 2119 2754 375 Wait 1326 | . 21 13 55 919 287 31 Move 7511 | 41 311 3050 426 1167 2250 266 Hop . | . . . . . . . Pick Up 86 | 2 8 18 1 19 34 4 Fast Attach 61 | 6 2 12 1 1 29 10 Attach 35 | . 3 4 . 1 22 5 Detach 8 | . . . . 1 7 . Swap 44 | . . 15 . 2 14 13 Drop 78 | . 1 28 2 9 33 5 Fire 202 | . 42 80 . . 48 32 Melee 30 | . . . . . 28 2 Ram . | . . . . . . . Kick 3 | . . . . . 1 2 Crush . | . . . . . . . Escape Stasis . | . . . . . . . Rewire 5 | . . . . . . 5 Trap . | . . . . . . . Miscellaneous 1 | . . . . . 1 . Route ------- -11/Scrapyard -10/Materials (discovered 4 exits: [*Mat x2] / [*Min] / *Sub) -10/Subcaves (discovered 4 exits: [*Mat x2] / *Rec / *Scr) -8/Recycling (discovered 2 exits: *Fac / *Scr) -8/Scraptown (discovered 2 exits: *Fac x2) -6/Factory (discovered 6 exits: *Fac x2 / *Low x2 / *Ext x2) -6/Extension History --------- Turn | Location | Event 16 | -11/Scrapyard | Discovered new exit (range 15) 73 | -11/Scrapyard | Entered Materials 148 | -10/Materials | Discovered new exit (range 13) 306 | -10/Materials | Build established: Mutant 453 | -10/Materials | Discovered new exit (range 16) 706 | -10/Materials | Discovered new exit (range 16) 715 | -10/Materials | Discovered new exit (range 10) 730 | -10/Materials | Entered Subcaves 731 | -10/Subcaves | Approached by a straggling Scientist 754 | -10/Subcaves | Discovered new exit (range 5) 1147 | -10/Subcaves | Lost 3 parts (1p1n1w) 1294 | -10/Subcaves | Disturbed a concealed Subdweller 1396 | -10/Subcaves | Shifting Twisted Machinery released Sub. Power Source 1402 | -10/Subcaves | Shifting Twisted Machinery released Sub. Beam Cannon 1464 | -10/Subcaves | Scientist uncovered a shortcut to Scraptown 1684 | -10/Subcaves | Learned location of Zion (-6) 1691 | -10/Subcaves | Core integrity fell below 50% 1694 | -10/Subcaves | Disturbed a concealed Subdweller 1888 | -10/Subcaves | Discovered new exit (range 10) 2048 | -10/Subcaves | Shifting Twisted Machinery released Sub. Beam Cannon 2182 | -10/Subcaves | Disturbed a concealed Subdweller 2385 | -10/Subcaves | A swath of the cavern ceiling suddenly collapsed 2455 | -10/Subcaves | Learned 4 Materials zone layouts 4246 | -10/Subcaves | Found SUBCON Basin 4767 | -10/Subcaves | Disturbed a concealed Subdweller 5242 | -10/Subcaves | Discovered new exit (range 10) 5252 | -10/Subcaves | Entered Recycling 5513 | -8/Recycling | Discovered new exit (range 16) 5717 | -8/Recycling | Scanned before Scraplab entrance 5734 | -8/Recycling | Entered Scraplab 5817 | -8/Recycling | Discovered new exit (range 2) 5818 | -8/Recycling | Entered Scraptown 6184 | -8/Scraptown | Discovered new exit (range 11) 6264 | -8/Scraptown | Scanned Subdweller tech in exchange for log data 6269 | -8/Scraptown | Learned Factory garrison access intel 6436 | -8/Scraptown | Visited SPCMW 6473 | -8/Scraptown | Visited Awakened 6498 | -8/Scraptown | Visited CPS Storage 6657 | -8/Scraptown | Visited UFD Registry 6657 | -8/Scraptown | Registered with UFD as "Beamwarp" 6682 | -8/Scraptown | Visited Derelict Rescue Squad 6690 | -8/Scraptown | Found DRS Beacon 6714 | -8/Scraptown | Visited Infowarlord's Domain 6745 | -8/Scraptown | Visited Scrapoid Research Area 6773 | -8/Scraptown | Visited Research Penetration Think Tank 6798 | -8/Scraptown | Visited Scrap Suit Storage 6809 | -8/Scraptown | Visited Junk Repository 6852 | -8/Scraptown | Visited Abandonware Association 6867 | -8/Scraptown | Learned abandonware demo "ERRANTS.EXE" 6896 | -8/Scraptown | Visited Sword Containment 6923 | -8/Scraptown | Visited Science Guys 7009 | -8/Scraptown | Tech Extrapolator generated special schematic: Machine Rigger 7789 | -8/Scraptown | Delivered Scrap Shield to a Scientist 7895 | -8/Scraptown | Found Exp. Signal Interpreter 8269 | -8/Scraptown | Met Optimus 8269 | -8/Scraptown | Accepted into 0bPrime 8316 | -8/Scraptown | Discovered new exit (range 5) 8321 | -8/Scraptown | Entered Factory 8321 | -6/Factory | Evolved 8 slots: Propulsion x4, Utility x4 8322 | -6/Factory | Loaded intel: 4 garrison access locations 8374 | -6/Factory | Discovered new exit (range 13) 8480 | -6/Factory | Tech Extrapolator generated special schematic: Deep Structural Scanner 8501 | -6/Factory | Discovered new exit (range 30) 8696 | -6/Factory | Found Prototype Launcher 8988 | -6/Factory | Discovered new exit (range 8) 8991 | -6/Factory | Identified exit to Factory 9012 | -6/Factory | Identified exit to Lower Caves 9012 | -6/Factory | Identified exit to Extension 9052 | -6/Factory | Fabricated Machine Rigger? 9162 | -6/Factory | Build established: Hacker-Mutant 9581 | -6/Factory | Fabricated Plasma Cutter? 9672 | -6/Factory | Loaded intel: 8 recycling unit locations 9800 | -6/Factory | Core integrity fell below 50% 9811 | -6/Factory | Scrapoid reinforcements arrived 9837 | -6/Factory | Lost 19 parts (1p11n2u5w) 9868 | -6/Factory | Lost 4 allies 9887 | -6/Factory | Found Scrap Suit 9970 | -6/Factory | Learned location of Protoforge (-2) 10086 | -6/Factory | Scrapoid reinforcements arrived 10138 | -6/Factory | Found Scrap Suit 10153 | -6/Factory | Lost 5 allies 10312 | -6/Factory | Garrison activated, responded to threat 10490 | -6/Factory | Build established: Scavenger-Mutant 10655 | -6/Factory | Entered Extension 10718 | -6/Extension | Loaded intel: 1 recycling unit location 10732 | -6/Extension | Rescued a captive Derelict 10734 | -6/Extension | Rescued a captive Derelict 10809 | -6/Extension | Identified Scatter Rocket Array 10811 | -6/Extension | Core integrity fell below 20% 10966 | -6/Extension | Rescued A7 10980 | -6/Extension | Disrupted transfer network 10997 | -6/Extension | Lost 5 allies 11000 | -6/Extension | Lost 8 parts (2p3n1u2w) 11094 | -6/Extension | Rescued a captive Derelict 11096 | -6/Extension | Spotted B-75 Beast 11096 | -6/Extension | Rescued a captive Derelict 11108 | -6/Extension | Spotted B-75 Beast 11131 | -6/Extension | Rescued a captive Derelict 11146 | -6/Extension | Destroyed by S-27 Virus with Autogun Last Messages --------------- 11104_ Acquired 54 matter. 11105_ Machine disabled. 11108_ Carbon-fiber Leg destroyed. 11108_ Knocked back. 11109_ Acquired 5 matter. 11114_ B-75 Beast misfires. 11116_ U-05 Engineer destroyed. 11117_ Machine disabled. 11119_ Imp. Light Armor Plating destroyed. 11120_ Carbon-fiber Leg destroyed. 11120_ Hrd. Light Armor Plating destroyed. 11120_ Critical hit (Blast). 11130_ Connecting with Door Terminal... >>Open(Door) Sealed Heavy Doors opened. 11142_ C-30 ARC bursts open, deploying its payload. 11142_ S-27 Virus unfolds itself. 11142_ Hvy. Particle Cannon destroyed. 11144_ Carbon-fiber Leg destroyed. Map ----- +----------------------------------------------------+ | | | | | | | | | | | ?????????????????????????????????????????????????? | | ?????????????????????????????????????????????????? | | ??##?????????????????????????????????????????????? | | ?? ?????????????????????????????????????????????? | | ??# #????????????????????????????????????????????? | | ### #???????????????????? ???????????????????????? | | ## #???????????????????? ???????????????????????? | | # #???????????????????? ???????????????????????? | | # #???????????????????? ???????????????????????? | | ## #???????????????????? ???????????????????????? | | ### ######?????????#????? ???????????????????????? | | [ #????????? ????? ???????????????????????? | | ## ###??????? ??###+####???????????????????? | | # "" ""#??????# #?#s! t????????????????????? | | [# "" T"#??????# #?#kss ! ????????????????????? | | # T" ""#??????# #?? A?????????????????????? | | # ^"" ###??????# #?? ?????????????????????? | | ## "" #????????# #??? ??????????????????????? | | ## #????????# #??? ??????????????????????? | | ## #????????# #???#/#??????????????????????? | | ?# #????????# #####@#??????????????????????? | | ?# / #????????# #??????????????????????? | | ?####### #????????# #######??????????????????????? | | ???###T# #????????# #????????????????????????????? | | ???# # #????????# #????????????????????????????? | | ???# #????????# #####????????????????????????? | | ???### # #????????# #????????????????????????? | | ?????### #????????# #T###????????????????????????? | | ???????#%#????????# ###??????????????????????????? | | ???????# #????????# #????????????????????????????? | | ???????# ########?" #????????????????????????????? | | ?????### #%# ## ##" ###??????????????????????????? | | ?????# " % ""#??????????????????????????? | | ????#" % %" #??????????????????????????? | | ????#" % #??????????????????????????? | | ????## #??????????????????????????? | | ?????# #??????????????????????????? | | ??? ????????????????????????? | | ? ??????????????????????? | | ?????????????????????? | | ! ???????????????????? | | !% ??????????????????? | | ###### #########??????????????????? | | ?????# #??????????????????????????? | | ?????# #??????????????????????????? | +----------------------------------------------------+ Best States ------------- Heat Dissipation 70 Energy Generation 18 Energy Capacity 310 Matter Stores 300 Matter Capacity 300 Sight Range 16 Robot Scan Range 15 Terrain Scan Density 10 Armor Coverage 300 Evasion (%) 56 Recoil Reduction 2 Defensive Hacking 36 Item Schematics ----------------- Plasma Cutter | -8/Recycling | Hacked Machine Rigger | -8/Scraptown | Extrapolated Mak. Coolant Network | -8/Scraptown | Extrapolated Deep Structural Scanner | -6/Factory | Extrapolated Mak. Terrain Scanner | -6/Factory | Extrapolated 0b10 Decoder Chip [Generic] | -6/Factory | Extrapolated Mak. Trap Scanner | -6/Factory | Extrapolated Mak. Hover Unit | -6/Factory | Extrapolated 0b10 Decoder Chip [Scout] | -6/Factory | Extrapolated 0b10 Decoder Chip [Skirmisher] | -6/Factory | Extrapolated Spk. Medium Treads | -6/Factory | Extrapolated Tactical Coordination Suite | -6/Factory | Extrapolated Mak. System Shield | -6/Factory | Extrapolated Spk. Treads | -6/Factory | Extrapolated Beamcaster | -6/Factory | Extrapolated Adv. Signal Interpreter | -6/Extension | Hacked Robot Schematics ------------------ None Fabricated ------------ Machine Rigger | x1 | -6/Factory Plasma Cutter | x2 | -6/Factory Repaired ---------- Nothing Alien Tech Used ----------------- None Achievements -------------- None Challenges ------------ None Game ------ Seed AntimissilePrecisionSlayer Manual? 0 Play Time 02:30:09 Cumulative 224.3 hours Start 2025.05.27 @ 19:17:43 End 2025.05.29 @ 22:46:05 Sessions 5 Manual Loads 0 Difficulty Rogue Special Mode None Game No. 211 Rogue 211 Adventurer 0 Explorer 0 Win Type - Total 1 Types 1/0/0/0/0/0/0/0/0/0 Lore% 73 Gallery% 60 Achievement% 49 Wizard Run 0 Options --------- Layout 1 ASCII 0 Keyboard 0 Movement Mouse Keybinds 0 Fullscreen 1 Font 24/Smallcaps Map View 50x35 Zoom Use 0% Tactical HUD 1 Map Filters NONE Filters NONE Steam 1 RUN: 247fe163-029f-40c6-81a3-7e33c8c43a8f